 Dungeon Crawl Stone Soup version 0.22.0-40-g68aacdc (webtiles) character file.

27 Gildeon the Grave Robber (level 2, 0/19 HPs)
             Began as a Mummy Necromancer on Sept 1, 2018.
             Shot with a stone by a goblin (3 damage)
             ... led by Robin
             ... on level 2 of the Dungeon.
             The game lasted 00:09:32 (1609 turns).

Gildeon the Grave Robber (Mummy Necromancer)        Turns: 1609, Time: 00:09:32

Health: 0/19       AC:  2    Str: 11    XL:     2   Next: 93%
Magic:  5/6        EV: 12    Int: 14    God:
Gold:   26         SH:  0    Dex: 12    Spells: 5/7 levels left

rFire    x . .     SeeInvis .   f - +0 short sword
rCold    + . .     Gourm    .   (no shield)
rNeg     + + +     Faith    .   a - +0 robe
rPois    ∞         Spirit   .   (no helmet)
rElec    .         Reflect  .   (no cloak)
rCorr    .         Harm     .   (no gloves)
MR       .....                  (no boots)
Stlth    ++........             g - amulet of magic regeneration
HPRegen  0.06/turn              c - ring of flight
MPRegen  0.35/turn              (no ring)

@: very slightly contaminated
A: no food or potions, fire vulnerability, cold resistance 1, negative energy
resistance 3, torment resistance, unbreathing
a: Evoke Flight


You were on level 2 of the Dungeon.
You were not hungry.

You visited 1 branch of the dungeon, and saw 2 of its levels.

You collected 26 gold pieces.

Inventory:

Hand Weapons
 f - a +0 short sword (weapon)
Armour
 a - a +0 robe (worn)
Jewellery
 c - a ring of flight (left hand)
 g - an amulet of magic regeneration (around neck)
Scrolls
 b - 2 scrolls of teleportation {unknown}
 d - a scroll of amnesia


   Skills:
 + Level 2.0 Dodging
 - Level 1.5 Stealth
 + Level 3.3 Spellcasting
 + Level 4.3 Necromancy


You had 5 spell levels left.
You knew the following spells:

 Your Spells              Type           Power        Failure   Level  Hunger
a - Pain                  Necr           ##..         3%          1    N/A
b - Animate Skeleton      Necr           N/A          3%          1    N/A

Your spell library contained the following spells:

 Spells                   Type           Power        Failure   Level  Hunger
 Vampiric Draining        Necr           ##........   11%         3    N/A
 Animate Dead             Necr           N/A          34%         4    N/A
 Regeneration             Chrm/Necr      Unusable     N/A         3    N/A

Dungeon Overview and Level Annotations

Branches:
Dungeon (2/15)

Altars:

Annotations:
D:2 Robin


Innate Abilities, Weirdness & Mutations

You do not eat or drink.
Your flesh is vulnerable to fire.
You are immune to poison.
Your flesh is cold resistant. (rC+)
You are immune to negative energy. (rN+++)
You are immune to unholy pain and torment.
You can survive without breathing.


Message History

Robin throws the goblin at you! The goblin closely misses you.
You closely miss the goblin. The hobgoblin hits you!
* * * LOW HITPOINT WARNING * * *
Robin misses you. The goblin closely misses you. The hobgoblin misses you.
Casting: Pain (safe; 3% risk of failure)
Confirm with . or Enter, or press ? or * to list all spells.
Aiming: Pain (safe; 3% risk of failure)
Press: ? - help, Shift-Dir - straight line, f - hobgoblin
Aim: a hobgoblin (almost dead, unusually strong, chance to defeat MR: 85%)
The hobgoblin writhes in agony!
You kill the hobgoblin!
The goblin shouts!
Robin misses you. The goblin barely misses you.
A goblin comes into view. It is wielding a club.
A goblin comes into view.
Robin roars a battlecry!
The goblin goes into a battle-frenzy!
The goblin unwields an uncursed club.
The goblin wields a hunting sling.
The goblin shoots a stone.
The stone hits you.
You die...

***,** ###.### *,,,*
#.######## *,,,*
#........# *,,,*
########.# ***,* #.#
*,* #.# *,* #.#
#.##############.#
***#..).(gg.gg.g@.g.#
,..[.....############
*######..# ,,,** #..#
,,,,* #..# **,,* #..#
*,,* #..# *,,**#..#
**,,,,,,,*


You could see Robin and 5 goblins.

Vanquished Creatures
  An ooze (D:1)
  2 worms (D:2)
  3 bats (D:1)
  A giant cockroach (D:2)
  5 goblins
  2 hobgoblins
  A ball python (D:2)
  A kobold (D:1)
  A rat (D:1)
17 creatures vanquished.

Notes
Turn   | Place    | Note
-------+----------+-------------------------------------------
     0 | D:1      | Gildeon the Mummy Necromancer began the quest for the Orb.
     0 | D:1      | Reached XP level 1. HP: 13/13 MP: 4/4
    86 | D:1      | Learned a level 1 spell: Animate Skeleton
   441 | D:1      | Reached XP level 2. HP: 9/19 MP: 0/6
  1591 | D:2      | Noticed Robin
  1609 | D:2      | Shot with a stone by a goblin

Skill      XL: |  1  2 |
---------------+-------+-----
Spellcasting   | 3 |  3.3
Dodging        | 2 |  2.0
Stealth        | |  1.5
Necromancy     | |  4.3

Action                   || total
-------------------------++-------
Melee: Club              ||     6
       Short sword       ||    15
 Cast: Pain              ||    46
       Animate Skeleton  ||     1
  Use: Scroll            ||     3
Armor: Robe              ||     6
Dodge: Dodged            ||    29
